 Dungeon Crawl Stone Soup version 0.17.1-3-g152610e (webtiles) character file.

24047 dobroeutro the Blocker (level 13, -8/76 HPs)
             Began as a Gargoyle Fighter on Apr 23, 2016.
             Was a High Priest of the Shining One.
             Killed from afar by an ice dragon (50 damage)
             ... with a blast of cold
             ... on level 13 of the Dungeon.
             The game lasted 00:28:11 (12529 turns).

dobroeutro the Blocker (Gargoyle Fighter)          Turns: 12529, Time: 00:28:11

Health: -8/76      AC: 30    Str: 24    XL:     13   Next: 10%
Magic:  13/13      EV: 10    Int: 13    God:    the Shining One [*****.]
Gold:   1067       SH: 19    Dex: 10    Spells: 0 memorised, 12 levels left

rFire  . . .     SeeInvis .     t - +4 flail
rCold  . . .     Clarity  .     F - +6 scale mail of Slovenliness {rPois}
rNeg   + + +     SustAt   .     L - +0 large shield
rPois  ∞         Gourm    .     K - +2 hat
rElec  +         Spirit   .     l - +0 cloak
rCorr  .         Warding  .     u - +0 pair of gloves
rMut   .         Stasis   +     M - +0 pair of boots
MR     .....                    x - amulet of stasis
Stlth  ..........               q - +3 ring of evasion
                                a - +2 ring of protection

@: glowing, not resistant to hostile enchantments, extremely unstealthy
A: blurry vision 2, clever 2, deformed body, frail 1, negative energy resistance
1, electricity resistance, unbreathing, petrification resistance, no device heal
1, rot immunity, AC +9
a: Divine Shield, Cleansing Flame, Summon Divine Warrior, Renounce Religion


You were on level 13 of the Dungeon.
You worshipped the Shining One.
The Shining One was extremely pleased with you.
You were not hungry.

You visited 2 branches of the dungeon, and saw 14 of its levels.
You also visited: Ossuary.

You collected 1067 gold pieces.

Inventory:

Hand Weapons
 t - a +4 flail (weapon)
 O - a +0 giant club
Armour
 l - a +0 cloak (worn)
 n - an ice dragon hide
 s - a +3 ring mail of fire resistance
 u - a +0 pair of gloves (worn)
 F - the +6 scale mail of Slovenliness (worn) {rPois}
   (You found it on level 4 of the Dungeon)

   It protects you from poison.
 K - a +2 hat (worn)
 L - a +0 large shield (worn)
 M - a +0 pair of boots (worn)
Rods
 i - a -1 rod of the swarm (11/11)
   (You took it off a two-headed ogre on level 11 of the Dungeon)
Jewellery
 a - a +2 ring of protection (left hand)
 q - a +3 ring of evasion (right hand)
 w - an uncursed ring of fire
 x - an amulet of stasis (around neck)
 S - an uncursed ring of protection from cold {unknown}
 T - an uncursed ring of protection from cold {unknown}
Wands
 b - a wand of flame (34)
 c - a wand of lightning (8)
 r - a wand of magic darts (6)
 I - a wand of fire (11)
 R - a wand of enslavement (8)
Scrolls
 h - 2 scrolls of remove curse
 k - 4 scrolls of teleportation
 p - a scroll of random uselessness {unknown}
 y - 3 scrolls of fog
 C - 4 scrolls of amnesia
 E - 3 scrolls of enchant armour
 H - 2 scrolls of enchant weapon
 J - a scroll of magic mapping
 N - 3 scrolls of identify
Potions
 d - 2 potions of might
 m - 4 potions of curing
 o - 4 potions of agility
 v - 2 potions of magic
 z - 2 potions of resistance
 A - 4 potions of poison
 D - a potion of ambrosia
 G - 3 potions of invisibility {unknown}
Comestibles
 e - 8 bread rations
 f - 23 fruits
 g - 3 beef jerkies
 j - 10 meat rations
 B - 3 slices of pizza
 P - a royal jelly
 Q - 10 chunks of flesh


   Skills:
 + Level 11.9 Fighting
 + Level 11.2 Maces & Flails
 + Level 12.1 Armour
 + Level 12.3 Shields


You had 12 spell levels left.
You didn't know any spells.

Dungeon Overview and Level Annotations

Branches:
Dungeon (13/15)            Temple (1/1) D:6            Lair (0/8) D:10
    Orc (0/4) D:11
 Vaults: D:13-14

Altars:
Ashenzari
Cheibriados
Dithmenos
Elyvilon
Fedhas
Gozag
Kikubaaqudgha
Makhleb
Nemelex Xobeh
Okawaru
Qazlal
Ru
Sif Muna
Trog
Vehumet
Xom
Yredelemnul
Zin
The Shining One


Innate Abilities, Weirdness & Mutations

You are resistant to torment.
Your stone body is resilient (AC +9).
You are immune to poison.
You resist negative energy.
You are resistant to electric shocks.
You can survive without breathing.
You are immune to petrification.
You are immune to rotting.
Scrolls take you longer to read.
Your mind is very acute. (Int +4)
Armour fits poorly on your strangely shaped body.
You are frail (-10% HP).
Potions and wands are less effective at restoring your health.


Message History

The ice dragon is heavily wounded.
You block the ice dragon's attack. The ice dragon barely misses you.
The ice dragon tramples you but does no damage.
You hit the ice dragon but do no damage.
The ice dragon is heavily wounded.
You hit the ice dragon but do no damage.
The ice dragon is heavily wounded.
The ice dragon closely misses you. You block the ice dragon's attack.
The ice dragon tramples you but does no damage.
You hit the ice dragon.
The ice dragon is heavily wounded.
You block the ice dragon's attack.
The ice dragon claws you but does no damage.
You block the ice dragon's attack.
You hit the ice dragon but do no damage.
The ice dragon is heavily wounded.
The ice dragon breathes frost at you. The blast of cold hits you!
Ouch! That really hurt!
You die...

..#####.###.#......#..#......#...
..# #.....#......#..#......#...
..# #######..#####..#####..#...
..###### #.)....#..#......####
.......# #......#..#......#
.......# #####..#..#..########
.......# #(.(#..#..#..#...#...
.......# #:..#..#..#..#.8.#.##
.......# #[.D@..#..#..).(.#.#
.......# ########..########.##
.<.....# #............. .......#
############## .......# .......#
.####### .# .#


You could see an ice dragon.

Vanquished Creatures
  Gastronok (D:9)
  Erolcha (D:12)
  A hydra (D:13)
  2 centaur warriors (D:13)
  4 hill giants
  2 unseen horrors
  An orc knight (D:11)
  A wolf spider (D:11)
  4 ugly things
  A cyclops (D:12)
  A salamander (shapeshifter) (D:13)
  2 centaur zombies
  A troll (D:13)
  A tengu conjurer (D:13)
  A freezing wraith (D:13)
  A trapdoor spider zombie (D:12)
  3 two-headed ogres
  The ghost of dobroeutro the Shield-Bearer, an amateur GrFi (D:4)
  3 slime creatures (D:12)
  A trapdoor spider (D:12)
  2 deep elf magi
  4 yaks
  A wyvern (D:13)
  Eustachio (D:5)
  A hungry ghost (D:11)
  5 vampire mosquitoes
  3 hippogriffs
  Menkaure (D:5)
  A steam dragon (D:12)
  A soldier ant (D:13)
  3 eyes of draining
  3 phantoms
  3 sky beasts
  7 ice beasts
  2 black bears
  A necrophage (D:7)
  6 centaurs
  2 wasps (D:11)
  8 orc warriors
  A big kobold (D:7)
  5 ogres
  9 giant frogs
  2 crocodiles
  3 scorpions
  A wyvern skeleton (D:13)
  13 killer bees (D:11)
  3 wights (D:7)
  An electric eel (D:11)
  7 crimson imps
  2 centaur skeletons
  7 jellies
  13 orc priests
  6 giant frog zombies
  9 hounds
  2 giant frog skeletons
  2 iguanas
  15 orc wizards
  Jessica (D:2)
  Terence (D:1)
  13 worker ants
  4 sheep (D:12)
  A big kobold zombie (Ossuary)
  8 mummies (Ossuary)
  10 gnolls
  12 adders
  3 shadow imps
  An ooze (D:2)
  An adder zombie (D:5)
  5 worms
  4 adder skeletons
  67 orcs
  4 ball pythons
  6 bats (D:1)
  5 giant cockroaches
  2 gnoll zombies (Ossuary)
  5 hobgoblins
  6 jackals
  3 quokkas
  2 giant geckos
  3 giant newts
  10 goblins
  2 hobgoblin zombies (Ossuary)
  18 kobolds
  A kobold zombie (Ossuary)
  2 orc zombies (Ossuary)
  3 quokka skeletons
  5 rats
397 creatures vanquished.

Vanquished Creatures (others)
  An ugly thing (D:12)
  A jelly (D:12)
  A worker ant (D:12)
  2 fungi (D:7)
5 creatures vanquished.

Grand Total: 402 creatures vanquished

Notes
Turn   | Place    | Note
--------------------------------------------------------------
     0 | D:1      | dobroeutro the Gargoyle Fighter began the quest for the Orb.
     0 | D:1      | Reached XP level 1. HP: 14/14 MP: 1/1
   130 | D:1      | Reached XP level 2. HP: 10/19 MP: 2/2
   535 | D:1      | Reached XP level 3. HP: 23/23 MP: 3/3
  1078 | D:2      | Noticed Terence
  1098 | D:1      | HP: 1/23 [Terence/mace of protection (5)]
  1099 | D:1      | Killed Terence
  1099 | D:1      | Reached skill level 4 in Shields
  1099 | D:1      | Reached XP level 4. HP: 1/29 MP: 4/4
  1427 | D:2      | Noticed Jessica
  1438 | D:2      | Killed Jessica
  1637 | D:2      | Reached XP level 5. HP: 29/33 MP: 5/5
  1715 | D:2      | Found a sparkling altar of Nemelex Xobeh.
  1716 | D:2      | Found an opulent altar of Gozag.
  2285 | D:3      | Found a shadowy altar of Dithmenos.
  2431 | D:3      | Found a faded altar to an unknown god.
  2886 | D:4      | Reached XP level 6. HP: 37/39 MP: 6/6
  2887 | D:4      | Found a snail-covered altar of Cheibriados.
  2953 | D:4      | Noticed dobroeutro's ghost (amateur GrFi)
  3063 | D:4      | Killed dobroeutro's ghost
  3063 | D:4      | Reached skill level 5 in Armour
  3063 | D:4      | Reached skill level 5 in Shields
  3063 | D:4      | Reached XP level 7. HP: 25/44 MP: 7/7
  3657 | D:4      | Got a shimmering scale mail
  3668 | D:4      | Identified the +6 scale mail of Slovenliness {rPois} (You found it on level 4 of the Dungeon)
  3889 | D:4      | Reached skill level 5 in Fighting
  3940 | D:5      | Entered Level 5 of the Dungeon
  4337 | D:5      | Noticed Menkaure
  4340 | D:5      | Noticed Eustachio
  4353 | D:5      | Killed Menkaure
  4353 | D:5      | Reached XP level 8. HP: 35/51 MP: 8/8
  4441 | D:5      | Killed Eustachio
  4441 | D:5      | Reached skill level 6 in Shields
  4570 | D:5      | Reached skill level 5 in Maces & Flails
  4734 | D:6      | Found a staircase to the Ecumenical Temple.
  4742 | Temple   | Entered the Ecumenical Temple
  4767 | Temple   | Became a worshipper of the Shining One
  4790 | D:6      | Found a sand-covered staircase.
  4825 | Ossuary  | Entered an ossuary
  4892 | Ossuary  | Reached * piety under the Shining One
  5344 | D:6      | Reached skill level 7 in Shields
  5481 | D:6      | Noticed a hill giant
  5499 | D:6      | Killed a hill giant
  5499 | D:6      | Reached XP level 9. HP: 17/57 MP: 9/9
  5808 | D:5      | Reached ** piety under the Shining One
  6005 | D:7      | Found a blossoming altar of Fedhas.
  6238 | D:7      | Found a stormy altar of Qazlal.
  6238 | D:7      | Found a burning altar of Makhleb.
  6878 | D:7      | Reached skill level 8 in Shields
  7122 | D:8      | Reached XP level 10. HP: 61/64 MP: 10/10
  7354 | D:8      | Gained mutation: Your mind is acute. (Int +2) [mutagenic meat]
  7355 | D:8      | Gained mutation: Your mind is very acute. (Int +4) [mutagenic meat]
  7356 | D:8      | Gained mutation: Scrolls take you a little longer to read. [mutagenic meat]
  7357 | D:8      | Gained mutation: You are frail (-10% HP). [mutagenic meat]
  7816 | D:9      | Reached *** piety under the Shining One
  8015 | D:9      | Noticed Gastronok
  8063 | D:9      | Killed Gastronok
  8063 | D:9      | Reached skill level 9 in Fighting
  8430 | D:10     | Entered Level 10 of the Dungeon
  8453 | D:10     | Found a staircase to the Lair.
  8838 | D:10     | Reached XP level 11. HP: 44/63 MP: 11/11
  8987 | D:10     | Noticed an unseen horror
  9003 | D:10     | Killed an unseen horror
  9003 | D:10     | Reached skill level 10 in Shields
  9039 | D:10     | Found a blossoming altar of Fedhas.
  9193 | D:11     | Reached **** piety under the Shining One
  9329 | D:11     | Reached skill level 10 in Armour
  9379 | D:11     | Noticed a hill giant
  9391 | D:11     | Reached skill level 10 in Fighting
  9399 | D:11     | Killed a hill giant
 10229 | D:11     | Noticed an orc knight
 10269 | D:11     | Killed an orc knight
 10314 | D:11     | Found a glowing golden altar of the Shining One.
 10554 | D:11     | Found a staircase to the Orcish Mines.
 10620 | D:12     | Noticed Erolcha
 10632 | D:12     | Killed Erolcha
 10632 | D:12     | Reached skill level 11 in Shields
 10632 | D:12     | Reached XP level 12. HP: 45/71 MP: 12/12
 10697 | D:12     | Noticed a hill giant
 10712 | D:12     | Killed a hill giant
 10712 | D:12     | Reached skill level 10 in Maces & Flails
 10954 | D:12     | Found an iron altar of Okawaru.
 11064 | D:12     | Reached ***** piety under the Shining One
 11202 | D:12     | Found a shimmering altar of Xom.
 11287 | D:12     | Noticed a hill giant
 11298 | D:12     | Killed a hill giant
 12211 | D:13     | Noticed a six-headed hydra
 12224 | D:13     | Killed a six-headed hydra
 12306 | D:13     | Noticed a centaur warrior
 12318 | D:13     | Noticed a centaur warrior
 12326 | D:13     | Killed a centaur warrior
 12326 | D:13     | Reached skill level 12 in Shields
 12420 | D:13     | Gained mutation: Potions and wands are less effective at restoring your health. [mutagenic meat]
 12421 | D:13     | Gained mutation: Armour fits poorly on your strangely shaped body. [mutagenic meat]
 12422 | D:13     | Gained mutation: Scrolls take you longer to read. [mutagenic meat]
 12471 | D:13     | Reached XP level 13. HP: 63/76 MP: 13/13
 12491 | D:13     | Killed a centaur warrior
 12512 | D:13     | Noticed an ice dragon
 12529 | D:13     | Killed from afar by an ice dragon

Action                   |  1- 3 |  4- 6 |  7- 9 | 10-12 | 13-15 || total
-------------------------+-------+-------+-------+-------+-------++-------
Melee: Flail             |   110 |     6 |   127 |   944 |    35 ||  1222
       Mace              |       |   165 |   382 |       |       ||   547
Evoke: Wand              |       |       |       |     5 |       ||     5
  Use: Potion            |       |       |     2 |     6 |       ||     8
       Scroll            |       |       |    15 |     3 |       ||    18
  Eat: Chunk             |       |     7 |     5 |    27 |       ||    39
       Bread ration      |       |       |     2 |       |       ||     2
